[Event "ICC tourney 2594 (40 10)"]
[Site "Internet Chess Club"]
[Date "2021.06.05"]
[Round "3"]
[White "SKARIAH, ANUSHKA ELIZABETH:kskariah"]
[Black "BRUDNO, STEPHEN:StevChess01"]
[Result "1-0"]
[ICCResult "Black checkmated"]
[WhiteElo "1465"]
[BlackElo "1576"]
[Opening "Sicilian: O'Kelly variation"]
[ECO "B28"]
[NIC "SI.43"]
[Time "15:32:36"]
[PlyCount "45"]
[TimeControl "2400+10"]

1. e4 c5 2. Nf3 a6 3. d4 cxd4 4. Nxd4 Nf6 5. Nc3 e5 6. Nb3 Bb4 7. f3 d5 8.
Bd3 dxe4 9. fxe4 Bxc3+ 10. bxc3 O-O 11. O-O Bg4 12. Qe1 Nbd7 13. Bg5 Be6
14. Qg3 Kh8 15. Rad1 Qc7 16. Qh4 Ng8 17. c4 f6 18. Be3 Bxc4 19. Bxc4 Qxc4
20. Rxd7 Qxc2 21. Qg4 g5 22. Qf5 Qe2 23. Qxh7# { Black checkmated } 1-0

[Event "ICC tourney 2594 (40 10)"]
[Site "Internet Chess Club"]
[Date "2021.06.05"]
[Round "3"]
[White "WANG, KEVIN:Deepbrainfinal"]
[Black "Hanke, Harvey:ThinkingPanda"]
[Result "0-1"]
[ICCResult "White resigns"]
[WhiteElo "1448"]
[BlackElo "1464"]
[Opening "Giuoco Piano"]
[ECO "C50"]
[NIC "IG.02"]
[Time "15:32:35"]
[PlyCount "100"]
[TimeControl "2400+10"]

1. e4 e5 2. Nf3 Nc6 3. Bc4 Bc5 4. Nc3 d6 5. h3 Nf6 6. d3 h6 7. O-O g5 8.
Be3 Bb6 9. Nh2 Be6 10. Bb3 Qd7 11. Bxe6 fxe6 12. Bxb6 axb6 13. Ng4 Nxg4 14.
Qxg4 O-O-O 15. Qe2 Nd4 16. Qd2 h5 17. Ne2 Rdg8 18. Nxd4 exd4 19. a4 h4 20.
f3 Qg7 21. a5 b5 22. c4 bxc4 23. dxc4 e5 24. b4 Qg6 25. a6 bxa6 26. Rxa6
Kd7 27. Rfa1 Rg7 28. c5 Qh7 29. cxd6 g4 30. Qc2 Ke8 31. Ra8+ Kf7 32. Qc4+
Kf6 33. R8a7 gxf3 34. Rxc7 Rxg2+ 35. Kh1 Qxe4 36. Qf7+ Kg5 37. Qg7+ Kf4 38.
Rf7+ Ke3 39. Re1+ Re2 40. Qg5+ Kd3 41. Rd1+ Kc2 42. Qc1+ Kb3 43. Qb1+ Qxb1
44. Rxb1+ Kc2 45. Rf1 e4 46. d7 Rd8 47. b5 d3 48. b6 d2 49. Rf6 Rxd7 50.
Rc6+ Kd3 { White resigns } 0-1

[Event "ICC tourney 2594 (40 10)"]
[Site "Internet Chess Club"]
[Date "2021.06.05"]
[Round "3"]
[White "LIAO, CONNOR:che2468"]
[Black "SHANMUGAM, MEERA:artistqueen"]
[Result "0-1"]
[ICCResult "White checkmated"]
[WhiteElo "1398"]
[BlackElo "1468"]
[Opening "Queen's pawn: Chigorin variation"]
[ECO "D00"]
[NIC "QP.08"]
[Time "15:32:49"]
[PlyCount "78"]
[TimeControl "2400+10"]

1. d4 d5 2. Nc3 Bf5 3. Bf4 e6 4. e3 Be7 5. f3 Nf6 6. g4 Bg6 7. h4 h5 8. g5
Nfd7 9. Bd3 Bxd3 10. Qxd3 Nb6 11. g6 f6 12. Nge2 Nc6 13. e4 Qd7 14. O-O-O
a6 15. e5 O-O-O 16. Bd2 Nc4 17. f4 N6a5 18. b3 Ba3+ 19. Kb1 Nb2 20. Qe3
Nxd1 21. Rxd1 fxe5 22. fxe5 Qc6 23. Na4 Nc4 24. Qd3 Nxd2+ 25. Qxd2 Qb5 26.
Nb2 Rhf8 27. Nf4 Qd7 28. Nbd3 Rf5 29. Rg1 Rh8 30. Qh2 Be7 31. Rh1 Rh6 32.
Qg3 Kd8 33. Kb2 Kc8 34. Kb1 Qc6 35. Kb2 Qb6 36. Rh2 Qxd4+ 37. Kb1 Ba3 38.
Nxe6 Rf1+ 39. Nc1 Rxc1# { White checkmated } 0-1

[Event "ICC tourney 2594 (40 10)"]
[Site "Internet Chess Club"]
[Date "2021.06.05"]
[Round "3"]
[White "CAMPERS, WILLIE:BillietheKid"]
[Black "MISRA, PRAGYAN:SoaringHawk24"]
[Result "0-1"]
[ICCResult "White resigns"]
[WhiteElo "1469"]
[BlackElo "1513"]
[Opening "Ruy Lopez: Anderssen variation"]
[ECO "C77"]
[NIC "RL.12"]
[Time "15:32:36"]
[PlyCount "80"]
[TimeControl "2400+10"]

1. e4 e5 2. Nf3 Nc6 3. Bb5 a6 4. Ba4 Nf6 5. d3 Be7 6. c3 b5 7. Bb3 O-O 8.
O-O d6 9. Bg5 h6 10. Be3 Bg4 11. Nbd2 Na5 12. Bc2 c5 13. h3 Bh5 14. g4 Bg6
15. Nh4 Nc6 16. Bb3 Na5 17. Nxg6 Nxb3 18. Nxe7+ Qxe7 19. axb3 Qe6 20. Nf3
h5 21. Ng5 Qd7 22. d4 hxg4 23. dxe5 Nh7 24. Nxh7 Kxh7 25. exd6 gxh3 26.
Qh5+ Kg8 27. e5 Rae8 28. Bxc5 Re6 29. Kh2 Rh6 30. Qf3 Qe6 31. Bd4 Rd8 32.
Rxa6 Qxb3 33. Qe2 Qd5 34. Rg1 Re8 35. Rb6 Ree6 36. Qxb5 Qf3 37. Qf1 Reg6
38. d7 Rg2+ 39. Kh1 Rxf2+ 40. Rg2 hxg2+ { White resigns } 0-1

[Event "ICC tourney 2594 (40 10)"]
[Site "Internet Chess Club"]
[Date "2021.06.05"]
[Round "3"]
[White "CAO, RAY:rcww2020"]
[Black "LI, EMMA:BulbasaurMaster"]
[Result "1-0"]
[ICCResult "Black resigns"]
[WhiteElo "1675"]
[BlackElo "1399"]
[Opening "Vienna game"]
[ECO "C26"]
[NIC "VG.02"]
[Time "15:32:55"]
[PlyCount "67"]
[TimeControl "2400+10"]

1. e4 e5 2. Bc4 Nf6 3. Nc3 Bc5 4. d3 h6 5. Nf3 Nc6 6. O-O d6 7. h3 O-O 8.
a3 Be6 9. Bxe6 fxe6 10. Na4 Bb6 11. Nxb6 axb6 12. Be3 Nh5 13. Nxe5 Nf6 14.
Nf3 d5 15. e5 Nd7 16. d4 Qe7 17. Qd3 Rf5 18. c3 Na5 19. Nd2 c5 20. Kh2 c4
21. Qe2 Nf8 22. g4 Rf7 23. f4 Nh7 24. Rg1 Raf8 25. Raf1 g5 26. fxg5 Nxg5
27. Rxf7 Qxf7 28. Rf1 Qh7 29. Rxf8+ Kxf8 30. Bxg5 hxg5 31. Nf3 Qg6 32. Qd2
Nb3 33. Qxg5 Qxg5 34. Nxg5 { Black resigns } 1-0

[Event "ICC tourney 2594 (40 10)"]
[Site "Internet Chess Club"]
[Date "2021.06.05"]
[Round "3"]
[White "XIAO, MARINA:marinaxiao"]
[Black "OPASKA, MICHAEL:mopaska1106"]
[Result "0-1"]
[ICCResult "White checkmated"]
[WhiteElo "1481"]
[BlackElo "1898"]
[Opening "Sicilian: Taimanov (Bastrikov) variation"]
[ECO "B47"]
[NIC "SI.40"]
[Time "15:32:34"]
[PlyCount "120"]
[TimeControl "2400+10"]

1. e4 c5 2. Nf3 e6 3. d4 cxd4 4. Nxd4 Nc6 5. Nc3 Qc7 6. g3 a6 7. a4 Nf6 8.
Bg2 Bb4 9. O-O Bxc3 10. bxc3 O-O 11. f4 d6 12. f5 Ne5 13. Ra3 exf5 14. exf5
Bd7 15. h3 Nc6 16. g4 Nxd4 17. cxd4 d5 18. g5 Ne4 19. f6 Rac8 20. Re3 Qxc2
21. Qh5 Be6 22. Qh4 Nd6 23. Re5 Nf5 24. Qf4 Rfd8 25. Ba3 Qxa4 26. Bb2 Rc2
27. Rf2 Rxb2 28. Rxb2 Qa1+ 29. Kh2 Qxb2 30. Rxf5 Bxf5 31. Qxf5 Qxd4 32. Bf1
Re8 33. Qf3 Qe5+ 34. Kg1 Qxg5+ 35. Kh2 Qxf6 36. Qxf6 gxf6 37. Bd3 b5 38.
Kg3 b4 39. Kh4 b3 40. Kh5 b2 41. Kh6 Re1 42. h4 b1=Q 43. Bxb1 Rxb1 44. h5
Kf8 45. Kxh7 Rh1 46. h6 Rxh6+ 47. Kxh6 a5 48. Kh5 a4 49. Kg4 a3 50. Kf5 a2
51. Kxf6 a1=Q+ 52. Kf5 Ke7 53. Kf4 Kf6 54. Kg4 Qd4+ 55. Kg3 Qe3+ 56. Kg2
Kg5 57. Kf1 Qd2 58. Kg1 Kg4 59. Kf1 Kg3 60. Kg1 Qg2# { White checkmated }
0-1

[Event "ICC tourney 2594 (40 10)"]
[Site "Internet Chess Club"]
[Date "2021.06.05"]
[Round "3"]
[White "WANG, YUANZHE:yogokings12"]
[Black "LAUSER, JESSICA T:Shakhmatova"]
[Result "1/2-1/2"]
[ICCResult "Game drawn by mutual agreement"]
[WhiteElo "1588"]
[BlackElo "1691"]
[Opening "KGD: Falkbeer, 5.de"]
[ECO "C32"]
[NIC "KG.04"]
[Time "15:32:41"]
[PlyCount "51"]
[TimeControl "2400+10"]

1. e4 e5 2. f4 d5 3. exd5 e4 4. d3 Nf6 5. dxe4 Nxe4 6. Nf3 Bc5 7. Qe2 f5 8.
Nc3 O-O 9. Nxe4 fxe4 10. Qxe4 Bf5 11. Qc4 Bd6 12. Be2 Re8 13. O-O Re4 14.
Nd4 Qf8 15. c3 Nd7 16. Bf3 Nb6 17. Qb3 Re7 18. Bd2 Bd3 19. Ne6 Qf6 20. Rfe1
Bc4 21. Qc2 Rae8 22. Ng5 g6 23. Ne4 Qg7 24. Nxd6 cxd6 25. Rxe7 Rxe7 26. Re1
{ Game drawn by mutual agreement } 1/2-1/2

[Event "ICC tourney 2594 (40 10)"]
[Site "Internet Chess Club"]
[Date "2021.06.05"]
[Round "3"]
[White "VALE CRUZ, ARMIN:trucker"]
[Black "SULTAN, BASHIR Cisse:muzikmixer"]
[Result "1-0"]
[ICCResult "Black resigns"]
[WhiteElo "1727"]
[BlackElo "1558"]
[Opening "Pirc: Ufimtsev-Pytel variation"]
[ECO "B07"]
[NIC "PU.08"]
[Time "15:32:46"]
[PlyCount "43"]
[TimeControl "2400+10"]

1. e4 d6 2. d4 Nf6 3. Nc3 c6 4. Nf3 Bg4 5. Bc4 b5 6. Bxf7+ Kxf7 7. e5 Qc8
8. exf6 exf6 9. h3 Bf5 10. d5 b4 11. Ne2 c5 12. Ng3 Bg6 13. O-O Nd7 14. Nh4
Be7 15. f4 Kf8 16. Re1 c4 17. Qe2 Qc5+ 18. Be3 Qxd5 19. Rad1 Qe6 20. f5 Qe5
21. Qf3 Be8 22. Bd4 { Black resigns } 1-0

[Event "ICC tourney 2594 (40 10)"]
[Site "Internet Chess Club"]
[Date "2021.06.05"]
[Round "3"]
[White "WU, JONATHAN ZUANXU:wulovechess"]
[Black "BONDALAPATI, SRI VIBHAV:Vibhu11"]
[Result "1/2-1/2"]
[ICCResult "Game drawn by mutual agreement"]
[WhiteElo "1588"]
[BlackElo "1482"]
[Opening "Sicilian: Alapin's variation (2.c3)"]
[ECO "B22"]
[NIC "SI.46"]
[Time "15:32:40"]
[PlyCount "103"]
[TimeControl "2400+10"]

1. e4 c5 2. c3 e6 3. d4 cxd4 4. cxd4 d5 5. exd5 exd5 6. Nf3 Nc6 7. h3 Nf6
8. Bd3 Bd6 9. O-O O-O 10. Bg5 h6 11. Bh4 Be7 12. Re1 Be6 13. Nbd2 Qb6 14.
Nb3 a5 15. a4 Rac8 16. Bb5 Nb4 17. Rc1 Rxc1 18. Qxc1 Rc8 19. Qd1 Qd8 20.
Ne5 Bf5 21. Qf3 Be4 22. Qf4 Rc2 23. f3 Bh7 24. Rc1 Qc7 25. Rxc2 Bxc2 26.
Bxf6 Bxf6 27. Nc5 Bxe5 28. Qxe5 Qxe5 29. dxe5 b6 30. Nd7 d4 31. Nxb6 d3 32.
Nc4 Nd5 33. g3 Nc7 34. Kf2 Nd5 35. Ke1 Ne7 36. Kd2 Nf5 37. Nxa5 Nxg3 38.
Bxd3 Bxa4 39. b3 Bd7 40. h4 Kf8 41. b4 Ke8 42. Kc3 Ke7 43. Kc4 Ke6 44. b5
Bxb5+ 45. Kxb5 Kxe5 46. Bc4 f5 47. Nc6+ Kf4 48. Bd5 g5 49. hxg5 hxg5 50.
Nd4 g4 51. Ne6+ Ke5 52. fxg4 { Game drawn by mutual agreement } 1/2-1/2

[Event "ICC tourney 2594 (40 10)"]
[Site "Internet Chess Club"]
[Date "2021.06.05"]
[Round "3"]
[White "MOSS, MARVIN:mmoss2932"]
[Black "AYYAPPAN, SANTHOSH:SanthoshA"]
[Result "0-1"]
[ICCResult "White resigns"]
[WhiteElo "1614"]
[BlackElo "1708"]
[Opening "QGD: Lasker defense"]
[ECO "D56"]
[NIC "QO.16"]
[Time "15:32:34"]
[PlyCount "100"]
[TimeControl "2400+10"]

1. d4 d5 2. c4 e6 3. Nc3 Nf6 4. Nf3 Be7 5. Bg5 O-O 6. e3 h6 7. Bh4 Ne4 8.
Bxe7 Qxe7 9. Bd3 Nxc3 10. bxc3 Nd7 11. O-O b6 12. e4 dxc4 13. Bxc4 e5 14.
Re1 Bb7 15. Qc2 Rad8 16. Rad1 exd4 17. cxd4 Nf6 18. Ne5 Qb4 19. f3 Rxd4 20.
Bxf7+ Rxf7 21. Nxf7 Kxf7 22. Qxc7+ Nd7 23. Qxb7 Rd3 24. Kf1 Qc4 25. Rxd3
Qxd3+ 26. Kf2 Qd2+ 27. Re2 Qd4+ 28. Kg3 Qe5+ 29. Kf2 Qd4+ 30. Kf1 Qd1+ 31.
Re1 Qd3+ 32. Kg1 Qd4+ 33. Kh1 Ke6 34. Qd5+ Qxd5 35. exd5+ Kxd5 36. Re7 Kd6
37. Rxg7 a5 38. Rg6+ Ke7 39. Rg7+ Ke8 40. Rxd7 Kxd7 41. Kg1 b5 42. Kf1 a4
43. Ke1 b4 44. Kd1 Kd6 45. Kc2 h5 46. g3 Ke5 47. Kd3 Kd5 48. h3 a3 49. f4
b3 50. Kc3 bxa2 { White resigns } 0-1

[Event "ICC tourney 2594 (40 10)"]
[Site "Internet Chess Club"]
[Date "2021.06.05"]
[Round "3"]
[White "BOYINEPALLY, KIRAN:BoyinK-99"]
[Black "ZHU, RYAN:Ryan123455"]
[Result "1-0"]
[ICCResult "Black resigns"]
[WhiteElo "1569"]
[BlackElo "1739"]
[Opening "King's Indian: Sämisch, 5...O-O"]
[ECO "E81"]
[NIC "KI.80"]
[Time "15:32:55"]
[PlyCount "77"]
[TimeControl "2400+10"]

1. d4 Nf6 2. c4 g6 3. Nc3 Bg7 4. f3 O-O 5. e4 d6 6. Be3 c5 7. dxc5 dxc5 8.
Qxd8 Rxd8 9. Bxc5 Nc6 10. Nge2 b6 11. Ba3 Ba6 12. b3 Ne5 13. Nf4 e6 14. Rd1
Rxd1+ 15. Nxd1 Rd8 16. Be2 g5 17. Nh3 h6 18. Nhf2 h5 19. O-O Rd2 20. Nc3
Rc2 21. Rc1 Rxc1+ 22. Bxc1 Bh6 23. h4 Nh7 24. Nd3 Nxd3 25. Bxd3 f6 26. e5
f5 27. Nb5 Bxb5 28. cxb5 Bg7 29. hxg5 Bxe5 30. f4 Bd4+ 31. Kf1 Kf7 32. Be2
Kg6 33. Bc4 e5 34. g3 e4 35. Ba3 Bc5 36. Bxc5 bxc5 37. Be6 Nf8 38. Bc8 Nh7
39. a4 { Black resigns } 1-0

[Event "ICC tourney 2594 (40 10)"]
[Site "Internet Chess Club"]
[Date "2021.06.05"]
[Round "3"]
[White "SHAMIRIAN, VARTAN:bluegreenz"]
[Black "KHAIS, STEVEN:methodX17"]
[Result "0-1"]
[ICCResult "White checkmated"]
[WhiteElo "1758"]
[BlackElo "1509"]
[Opening "Queen's pawn game"]
[ECO "A45"]
[NIC "QP.07"]
[Time "15:32:38"]
[PlyCount "126"]
[TimeControl "2400+10"]

1. d4 Nf6 2. g3 d5 3. Bg2 e6 4. Nd2 c5 5. e3 cxd4 6. exd4 Nc6 7. Ne2 Be7 8.
Nb3 O-O 9. h4 h6 10. Bf4 Bd6 11. Qd2 e5 12. dxe5 Bxe5 13. Bxe5 Nxe5 14.
O-O-O Nc4 15. Qd4 Be6 16. Nd2 Qa5 17. Nxc4 dxc4 18. a3 Rfd8 19. Qc3 Qb6 20.
f3 Nd5 21. Qd2 Ne3 22. Nd4 Nxg2 23. c3 Bf5 24. Qxg2 Bd3 25. Rxd3 cxd3 26.
Rd1 Qa6 27. Qd2 Qc4 28. Qxd3 Rac8 29. Kb1 Qxd3+ 30. Rxd3 Re8 31. Nf5 Re5
32. g4 Kh7 33. Rd7 Rf8 34. Rxb7 a5 35. Ra7 g6 36. Nd6 Kg7 37. Nc4 Re1+ 38.
Ka2 Rf1 39. Ne5 Rh1 40. Rxa5 Rxh4 41. b4 h5 42. g5 Rf4 43. a4 Rf5 44. f4
Rxf4 45. b5 Rf5 46. b6 Rb8 47. Rb5 h4 48. a5 h3 49. c4 h2 50. Rb1 Rxe5 51.
a6 Ra5+ 52. Kb3 Rxa6 53. c5 Rbxb6+ 54. Kc4 Rxb1 55. c6 Rxc6+ 56. Kd4 Ra1
57. Kd5 Rc2 58. Kd4 Rd1+ 59. Ke3 Rc4 60. Kf2 Rd3 61. Ke2 Ra3 62. Kf2 Rc2+
63. Kf1 Ra1# { White checkmated } 0-1

[Event "ICC tourney 2594 (40 10)"]
[Site "Internet Chess Club"]
[Date "2021.06.05"]
[Round "3"]
[White "WEI, ROBERT FANJUN:CaptureFunny"]
[Black "KUNAMNENI, MEGHANA:msk2018"]
[Result "0-1"]
[ICCResult "White checkmated"]
[WhiteElo "750"]
[BlackElo "1437"]
[Opening "French defense"]
[ECO "C01"]
[NIC "FR.01"]
[Time "15:32:56"]
[PlyCount "84"]
[TimeControl "2400+10"]

1. e4 e6 2. d4 b6 3. Nc3 Bb7 4. Bf4 Be7 5. Nb5 d6 6. e5 d5 7. Nf3 a6 8. Nc3
Nd7 9. Bd3 c5 10. dxc5 Bxc5 11. O-O Ne7 12. Re1 Qc7 13. Qe2 b5 14. a3 O-O-O
15. b4 Bxf2+ 16. Qxf2 Qxc3 17. Bd2 Qc7 18. Rab1 Kb8 19. Rb3 Nf8 20. Rc3 Qd7
21. Be3 Nc6 22. Bb6 Rc8 23. Qc5 Ng6 24. Bxg6 hxg6 25. Ree3 Qe8 26. Qd6+ Ka8
27. a4 bxa4 28. Ra3 Na7 29. Rec3 Nb5 30. Rxc8+ Qxc8 31. Qe7 Nxa3 32. Ng5
Qxc2 33. Nxf7 Rc8 34. Nd6 Qd1+ 35. Kf2 Rc2+ 36. Kg3 Qd3+ 37. Kh4 g5+ 38.
Kh5 Qh7+ 39. Kxg5 Qh6+ 40. Kg4 Rxg2+ 41. Kf3 Qh3+ 42. Kf4 Rg4# { White
checkmated } 0-1

[Event "ICC tourney 2594 (40 10)"]
[Site "Internet Chess Club"]
[Date "2021.06.05"]
[Round "3"]
[White "THAIN, JACK:jt1819"]
[Black "ATLURI, PRATHIK:ChessStar22"]
[Result "1-0"]
[ICCResult "Black checkmated"]
[WhiteElo "1733"]
[BlackElo "1432"]
[Opening "Caro-Kann: exchange, Rubinstein variation"]
[ECO "B13"]
[NIC "CK.02"]
[Time "15:32:36"]
[PlyCount "127"]
[TimeControl "2400+10"]

1. e4 c6 2. d4 d5 3. exd5 cxd5 4. Bd3 Nc6 5. c3 Nf6 6. Bf4 Bg4 7. Qb3 Bc8
8. Nf3 e6 9. Nbd2 h6 10. O-O Nh5 11. Be3 Bd6 12. Rfe1 Bf4 13. a4 Bxe3 14.
fxe3 a6 15. e4 dxe4 16. Bxe4 Nf6 17. Rad1 Nxe4 18. Nxe4 O-O 19. Ne5 Qc7 20.
Qc4 Bd7 21. Nxd7 Qxd7 22. Qe2 Ne7 23. Nc5 Qd5 24. Qg4 Ng6 25. Nxe6 fxe6 26.
Qxg6 Rf6 27. Qc2 Raf8 28. Rf1 e5 29. Rxf6 Rxf6 30. c4 Qd6 31. d5 Qc5+ 32.
Kh1 Rf2 33. Qd3 Qd4 34. Qxd4 exd4 35. Kg1 Rxb2 36. Rxd4 Kf8 37. Re4 a5 38.
c5 Rc2 39. d6 Rd2 40. Re7 Rd5 41. Rc7 Ke8 42. Kf2 b6 43. cxb6 Rxd6 44. b7
Rb6 45. Rc8+ Kd7 46. b8=Q Rxb8 47. Rxb8 Kc7 48. Rb5 g5 49. Rxa5 h5 50. Rf5
Kb6 51. Rxg5 Ka6 52. Rxh5 Kb6 53. Rg5 Ka6 54. h4 Kb6 55. h5 Kc6 56. h6 Kd7
57. h7 Ke7 58. h8=Q Kf7 59. Qh6 Ke8 60. Rg7 Kf8 61. a5 Ke8 62. a6 Kd8 63.
a7 Kc8 64. a8=Q# { Black checkmated } 1-0

[Event "ICC tourney 2594 (40 10)"]
[Site "Internet Chess Club"]
[Date "2021.06.05"]
[Round "3"]
[White "EISENMAN, KATHERINE:kgeisenman32"]
[Black "Li, Jingtu Oscar:ZYCON"]
[Result "1-0"]
[ICCResult "Black resigns"]
[WhiteElo "1522"]
[BlackElo "1423"]
[Opening "Grünfeld: modern exchange variation"]
[ECO "D85"]
[NIC "GI.04"]
[Time "15:32:33"]
[PlyCount "71"]
[TimeControl "2400+10"]

1. d4 Nf6 2. c4 g6 3. Nc3 d5 4. cxd5 Nxd5 5. e4 Nxc3 6. bxc3 Bg7 7. Nf3 c5
8. Bb2 O-O 9. Be2 Nc6 10. O-O Bg4 11. d5 Ne5 12. Nxe5 Bxe2 13. Qxe2 Bxe5
14. f4 Bg7 15. Rf3 Qa5 16. c4 Rab8 17. Bxg7 Kxg7 18. Rb1 a6 19. Rfb3 Qc7
20. g3 b5 21. cxb5 c4 22. b6 Qc5+ 23. Qe3 Rfc8 24. Qxc5 Rxc5 25. Rb4 Kf8
26. a4 Rb7 27. Rc1 Kg7 28. Kf2 Kf6 29. Ke3 h5 30. Kd4 Rc8 31. Rcxc4 Rxc4+
32. Kxc4 e5 33. Kc5 exf4 34. gxf4 Ke7 35. Kc6 Rb8 36. Kc7 { Black resigns }
1-0

[Event "ICC tourney 2594 (40 10)"]
[Site "Internet Chess Club"]
[Date "2021.06.05"]
[Round "3"]
[White "DINESH, ABINAV:abi2009"]
[Black "GOLI, SRIMAN:awakeflood"]
[Result "1-0"]
[ICCResult "Black checkmated"]
[WhiteElo "1667"]
[BlackElo "1805"]
[Opening "French: advance, Paulsen attack"]
[ECO "C02"]
[NIC "FR.03"]
[Time "15:32:32"]
[PlyCount "139"]
[TimeControl "2400+10"]

1. e4 e6 2. d4 d5 3. e5 c5 4. c3 Nc6 5. Nf3 Qb6 6. a3 Nh6 7. b4 cxd4 8.
cxd4 Nf5 9. Bb2 Bd7 10. Be2 Rc8 11. O-O Be7 12. Qd3 O-O 13. Nbd2 f6 14.
exf6 Bxf6 15. Nb3 a6 16. Nc5 Rfd8 17. Rad1 Nce7 18. Qd2 Ng6 19. Bd3 Bb5 20.
Rfe1 Rc6 21. Bxb5 axb5 22. Qd3 Kf7 23. Re2 Nf4 24. Qd2 Nxe2+ 25. Qxe2 Re8
26. g4 Nd6 27. g5 Bd8 28. Ne5+ Kg8 29. Nxc6 Qxc6 30. h4 b6 31. Nd3 Nc4 32.
Rc1 Bc7 33. Ne5 Qd6 34. Bc3 Ra8 35. Qh5 Qe7 36. Nxc4 bxc4 37. Re1 Rxa3 38.
Re3 g6 39. Qg4 Qd6 40. Kf1 Kf7 41. h5 Ra8 42. hxg6+ hxg6 43. Qh4 Qh2 44.
Qg4 Qh1+ 45. Ke2 Ra2+ 46. Bd2 Qh5 47. Rf3+ Ke7 48. Qxh5 gxh5 49. g6 Ra8 50.
Rf7+ Kd6 51. Bf4+ Kc6 52. Rxc7+ Kb5 53. g7 Kxb4 54. Be5 Kb3 55. Bd6 Rg8 56.
Bf8 c3 57. Kd3 h4 58. Rxc3+ Ka4 59. Rc1 b5 60. Rh1 b4 61. Rxh4 b3 62. Rh1
e5 63. dxe5 d4 64. Kxd4 b2 65. Kc3 b1=Q 66. Rxb1 Ka5 67. e6 Ka6 68. e7 Ka7
69. e8=Q Rxf8 70. Qa4# { Black checkmated } 1-0

[Event "ICC tourney 2594 (40 10)"]
[Site "Internet Chess Club"]
[Date "2021.06.05"]
[Round "3"]
[White "VATS, ATIKSH:avats"]
[Black "Gyorgy, Zalan:z88"]
[Result "1/2-1/2"]
[ICCResult "Game drawn because neither player has mating material"]
[WhiteElo "1593"]
[BlackElo "1499"]
[Opening "French: exchange variation"]
[ECO "C01"]
[NIC "FR.01"]
[Time "15:32:39"]
[PlyCount "145"]
[TimeControl "2400+10"]

1. e4 e6 2. d4 d5 3. exd5 exd5 4. Nf3 Nf6 5. Be2 Bd6 6. O-O O-O 7. Bg5 Bf5
8. c3 c6 9. Bd3 Bxd3 10. Qxd3 Nbd7 11. Nbd2 Qc7 12. Rfe1 h6 13. Bh4 Nh5 14.
Re3 Ndf6 15. Bxf6 Nxf6 16. h3 Qb6 17. Qc2 Rac8 18. Nh4 c5 19. Qb3 cxd4 20.
Qxb6 axb6 21. cxd4 Rc2 22. Ndf3 Rxb2 23. Rb3 Rxb3 24. axb3 Rc8 25. Nf5 Bb4
26. Ra7 Rc7 27. Ra4 Bc3 28. Ra2 Bb4 29. Re2 Rc3 30. Re3 Rc1+ 31. Kh2 Ne4
32. Re2 Rb1 33. Re3 Nxf2 34. Ne5 Rh1+ 35. Kg3 Ne4+ 36. Kf4 Bd2 37. Ne7+ Kh7
38. Nxd5 Bxe3+ 39. Kxe3 Re1+ 40. Kd3 f5 41. Nxb6 Rg1 42. g4 Rg3+ 43. Ke2
fxg4 44. hxg4 Rxb3 45. Nd5 Nc3+ 46. Nxc3 Rxc3 47. Kd2 Rc8 48. Kd3 b5 49. d5
g5 50. Kd4 Kg7 51. d6 Kf6 52. Kd5 b4 53. Nd7+ Kf7 54. Nc5 h5 55. gxh5 g4
56. d7 Rd8 57. Ke4 g3 58. Kf3 Rg8 59. Kg2 Ke7 60. h6 Kd6 61. Ne4+ Kxd7 62.
Nf6+ Ke7 63. Nxg8+ Kf7 64. h7 Kg7 65. Ne7 b3 66. Nd5 b2 67. Nc3 Kxh7 68.
Kxg3 Kg6 69. Kf3 Kf5 70. Ke3 Ke5 71. Kd3 Kd6 72. Kc2 b1=Q+ 73. Kxb1 { Game
drawn because neither player has mating material } 1/2-1/2

[Event "ICC tourney 2594 (40 10)"]
[Site "Internet Chess Club"]
[Date "2021.06.05"]
[Round "3"]
[White "LING, CHENXUAN:UnicornMM"]
[Black "MOERLIEN, PUWIT SKY:SuperBlueSky"]
[Result "1-0"]
[ICCResult "Black forfeits on time"]
[WhiteElo "1045"]
[BlackElo "1671"]
[Opening "Queen's pawn game"]
[ECO "D04"]
[NIC "QP.08"]
[Time "15:32:35"]
[PlyCount "85"]
[TimeControl "2400+10"]

1. d4 d5 2. Nf3 Nf6 3. e3 Bf5 4. Bd3 Bxd3 5. cxd3 e6 6. O-O c5 7. dxc5 Bxc5
8. d4 Bd6 9. Nc3 a6 10. Ne5 O-O 11. f4 Nbd7 12. Bd2 Nb6 13. Rc1 Rc8 14. Qf3
Nc4 15. Nxc4 Rxc4 16. b3 Rc6 17. f5 Qc7 18. h3 b5 19. Kh1 Rc8 20. Ne2 Qd7
21. fxe6 fxe6 22. Nf4 Rc2 23. Rxc2 Rxc2 24. Qd1 Rxa2 25. b4 Ne4 26. Be1 Qe7
27. Qb1 Ra4 28. Nd3 Bc7 29. Qc2 h6 30. Qc6 Ra1 31. Kg1 Kh7 32. Nc5 Nxc5 33.
bxc5 Rb1 34. Qxa6 Qg5 35. Qxe6 Rxe1 36. Rxe1 Qg3 37. Qf5+ Kh8 38. Qf8+ Kh7
39. Kf1 Ba5 40. Qf5+ Kh8 41. Re2 Bc3 42. Qd3 b4 43. Rf2 { Black forfeits on
time } 1-0

[Event "ICC tourney 2594 (40 10)"]
[Site "Internet Chess Club"]
[Date "2021.06.05"]
[Round "3"]
[White "RAMASWAMY, PUDUR:clair"]
[Black "PULLABHOTLA, ABHINAV:Abhinac123"]
[Result "1/2-1/2"]
[ICCResult "Black stalemated"]
[WhiteElo "1785"]
[BlackElo "1565"]
[Opening "Queen's pawn, Mason variation"]
[ECO "D00"]
[NIC "QP.08"]
[Time "15:32:46"]
[PlyCount "145"]
[TimeControl "2400+10"]

1. d4 d5 2. Bf4 Nf6 3. e3 c5 4. c3 Qb6 5. Qc2 Nc6 6. Nf3 cxd4 7. Nxd4 Nxd4
8. exd4 Bf5 9. Qb3 Qxb3 10. axb3 e6 11. Nd2 Be7 12. Bb5+ Nd7 13. h4 a6 14.
b4 Rc8 15. Be2 h6 16. b5 axb5 17. Bxb5 e5 18. dxe5 O-O 19. Nf3 Nc5 20. O-O
Bd3 21. Bxd3 Nxd3 22. Be3 Nxb2 23. Ra7 Nc4 24. Bd4 Rc7 25. Rb1 Rb8 26. Rb5
Rd7 27. g4 Na3 28. Rb3 Nc4 29. h5 Kf8 30. Kg2 Ke8 31. Rb5 Na3 32. Rb3 Nc4
33. Rb1 g6 34. hxg6 fxg6 35. Re1 b5 36. Rxd7 Kxd7 37. Rh1 Bf8 38. Nh4 g5
39. Ng6 Bg7 40. e6+ Kxe6 41. Bxg7 Kf7 42. Be5 Re8 43. Nh8+ Kg8 44. Bf6 Re6
45. Rxh6 Rxf6 46. Rxf6 Kxh8 47. Rf5 Nb6 48. Rxg5 Kh7 49. Kf1 Kh6 50. Rf5
Kg6 51. Ke2 Na4 52. Kd3 Nc5+ 53. Kc2 Ne4 54. Rxd5 Nxf2 55. g5 Ne4 56. Rxb5
Nxg5 57. Rxg5+ Kxg5 58. Kd3 Kf6 59. Kd4 Ke7 60. Kc5 Kd7 61. c4 Kc7 62. Kb5
Kb7 63. c5 Kc7 64. c6 Kc8 65. Kb6 Kb8 66. Kc5 Kc7 67. Kd5 Kc8 68. Kd6 Kd8
69. Kd5 Kc7 70. Kc5 Kc8 71. Kb6 Kb8 72. c7+ Kc8 73. Kc6 { Black stalemated
} 1/2-1/2

[Event "ICC tourney 2594 (40 10)"]
[Site "Internet Chess Club"]
[Date "2021.06.05"]
[Round "3"]
[White "CHRISNEY, ADAM RENFRO:arenfroc"]
[Black "ZHU, FLORINA:Florina12345"]
[Result "1-0"]
[ICCResult "Black resigns"]
[WhiteElo "1749"]
[BlackElo "1492"]
[Opening "Scotch: Potter variation"]
[ECO "C45"]
[NIC "SO.05"]
[Time "15:32:55"]
[PlyCount "121"]
[TimeControl "2400+10"]

1. e4 e5 2. Nf3 Nc6 3. d4 exd4 4. Nxd4 Bc5 5. Nb3 Bb6 6. Bd3 Nf6 7. Nc3 h6
8. Bf4 d6 9. O-O O-O 10. Bg3 a5 11. Bh4 Be6 12. Nd2 Ne5 13. Nf3 Ng6 14. Bg3
Nh5 15. Ne2 Bg4 16. Nc3 Nxg3 17. hxg3 c6 18. Qd2 Qf6 19. Nh2 Be6 20. Ne2
Ne5 21. Nf4 Nxd3 22. Nxe6 fxe6 23. cxd3 Bd4 24. Rab1 b5 25. Nf3 Bb6 26.
Rbc1 Rac8 27. b4 axb4 28. Qxb4 Bc5 29. Qd2 Bb6 30. d4 Qg6 31. e5 d5 32. Qb4
Rfd8 33. a4 Qe8 34. Rc2 Ra8 35. axb5 cxb5 36. Rb1 Ra4 37. Qxb5 Qxb5 38.
Rxb5 Bxd4 39. Rc6 Re8 40. Rb7 Ra7 41. Rb4 Ra1+ 42. Kh2 Bxf2 43. Rc2 Be3 44.
Rb3 d4 45. Rc7 Rc1 46. Rd7 h5 47. Rbb7 Bh6 48. Nxd4 Rf8 49. Nf3 Rc2 50. Rb3
Ra8 51. Rd1 Raa2 52. Rg1 Re2 53. Nh4 Be3 54. Rf1 Bg5 55. Kh3 Bxh4 56. Kxh4
Rxe5 57. Rb7 Rxg2 58. Kh3 Ree2 59. Kh4 Rh2+ 60. Kg5 Re5+ 61. Kg6 { Black
resigns } 1-0